MLB
CINCINNATI REDS @ PITTSBURGH PIRATES
09/06/2048
 
TOP OF THE 1ST
Cincinnati Reds batting - Pitching for Pittsburgh Pirates : LHP Sam Richardson
Pitching: LHP Sam Richardson
Batting: LHB Ricky Ayon 0-0: Ball
1-0: Swinging Strike
1-1: Swinging Strike
1-2: Ball
2-2: Fly out, F2 (Popup, 25F, EV 85.0 MPH)
Batting: RHB Steve Castleberry 0-0: Called Strike
0-1: SINGLE (Flyball, 4D, EV 91.2 MPH)
Batting: SHB Jun Tsuda 0-0: Ball
1-0: Called Strike
1-1: Foul Ball, location: 2F
1-2: Fly out, F8 (Flyball, 8LS, EV 79.4 MPH)
Batting: LHB Chris Grunwald 0-0: Called Strike
0-1: Foul Ball, location: 2F
0-2: Foul Ball, location: 2F
0-2: Ball
1-2: Ball
2-2: SINGLE (Flyball, 9LS, EV 90.6 MPH)
Steve Castleberry to second
Runner from 2nd tries for 3rd, SAFE, throw by RF made to third
Batting: RHB Willie Lazcano 0-0: SINGLE (Groundball, 56D, EV 98.1 MPH)
Steve Castleberry scores
Chris Grunwald to second
Runner from 2nd tries for 3rd, OUT! 7-5
Top of the 1st over - 1 run, 3 hits, 0 errors, 1 left on base; Cincinnati 1 - Pittsburgh 0
BOTTOM OF THE 1ST
Pittsburgh Pirates batting - Pitching for Cincinnati Reds : LHP Eddie Grape
Pitching: LHP Eddie Grape
Batting: RHB Chiel Palstermans 0-0: Foul Ball, location: 2F
0-1: Foul Ball, location: 2F
0-2: Ball
1-2: Foul Ball, location: 2F
1-2: SINGLE (Line Drive, 8LS, EV 99.4 MPH)
Batting: RHB Andrew Robinson 0-0: Fly out, F7 (Flyball, 7D, EV 98.8 MPH)
Batting: SHB Marvin McAleer 0-0: Swinging Strike
0-1: Foul Ball, location: 2F
0-2: 2-RUN HOME RUN (Flyball, 7LD, EV 110.0 MPH), Distance : 415 ft
Batting: RHB David Contreras 0-0: Called Strike
0-1: Ball
1-1: Swinging Strike
1-2: Strikes out swinging
Batting: RHB Jorge Severiano 0-0: Called Strike
0-1: SINGLE (Line Drive, 8LS, EV 97.5 MPH)
Batting: LHB Micah Boshnjaku 0-0: Ball
1-0: Ball
2-0: Ball
3-0: Called Strike
3-1: SINGLE (Line Drive, 3D, EV 96.9 MPH)
Jorge Severiano to second
Runner from 2nd tries for 3rd, SAFE, throw by RF made to third
Batting: RHB Jason Moss 0-0: Called Strike
0-1: Ball
1-1: Ball
2-1: Foul Ball, location: 2F
2-2: Ball
3-2: Foul Ball, location: 2F
3-2: Foul Ball, location: 2F
3-2: Strikes out looking
Bottom of the 1st over - 2 runs, 4 hits, 0 errors, 2 left on base; Cincinnati 1 - Pittsburgh 2
TOP OF THE 2ND
Cincinnati Reds batting - Pitching for Pittsburgh Pirates : LHP Sam Richardson
Batting: RHB Fred Slade 0-0: Called Strike
0-1: Called Strike
0-2: Ball
1-2: Strikes out swinging
Batting: RHB Joseph Kirchmann 0-0: SINGLE (Line Drive, 4D, EV 105.6 MPH)
Batting: LHB Antonio Figueroa 0-0: Called Strike
0-1: Swinging Strike
0-2: Ball
1-2: Ball
Joseph Kirchmann steals 2nd base (no throw)
2-2: Ball
3-2: Strikes out swinging
Batting: RHB Takanibu Kaneshiro 0-0: Ball
1-0: Called Strike
1-1: Swinging Strike
1-2: Strikes out looking
Top of the 2nd over - 0 runs, 1 hit, 0 errors, 1 left on base; Cincinnati 1 - Pittsburgh 2
BOTTOM OF THE 2ND
Pittsburgh Pirates batting - Pitching for Cincinnati Reds : LHP Eddie Grape
Batting: LHB Xavier Pittman 0-0: Foul Ball, location: 2F
0-1: SINGLE (Groundball, 6S, EV 62.5 MPH) (infield hit)
Batting: SHB Brad Day 0-0: DOUBLE (Groundball, 5L, EV 104.4 MPH)
Xavier Pittman to third
Batting: RHB Chiel Palstermans 0-0: Called Strike
0-1: Ball
1-1: Ball
2-1: Ball
3-1: Foul Ball, location: 2F
3-2: Ground out 6-3 (Groundball, 6S, EV 81.2 MPH)
Xavier Pittman scores
Brad Day to third
Batting: RHB Andrew Robinson 0-0: Foul Ball, location: 2F
0-1: Ball
1-1: Swinging Strike
1-2: Ball
2-2: Ball
3-2: Base on Balls
Batting: SHB Marvin McAleer 0-0: Ball
1-0: Ball
2-0: Foul Ball, location: 2F
2-1: Swinging Strike
2-2: Strikes out swinging
Batting: RHB David Contreras 0-0: DOUBLE (Flyball, 8RXD, EV 96.9 MPH)
Brad Day scores
Andrew Robinson to third
Batting: RHB Jorge Severiano 0-0: Ball
1-0: Ground out 6-3 (Groundball, 6, EV 78.8 MPH)
Bottom of the 2nd over - 2 runs, 3 hits, 0 errors, 2 left on base; Cincinnati 1 - Pittsburgh 4
TOP OF THE 3RD
Cincinnati Reds batting - Pitching for Pittsburgh Pirates : LHP Sam Richardson
Batting: LHB Ricky Ayon 0-0: Foul Ball, location: 2F
0-1: Ball
1-1: Called Strike
1-2: Ball
2-2: Ground out 4-3 (Groundball, 34, EV 86.2 MPH)
Batting: RHB Steve Castleberry 0-0: Called Strike
0-1: Swinging Strike
0-2: Ball
1-2: Ball
2-2: Strikes out swinging
Batting: SHB Jun Tsuda 0-0: Fly out, F7 (Flyball, 7, EV 95.0 MPH)
Top of the 3rd over - 0 runs, 0 hits, 0 errors, 0 left on base; Cincinnati 1 - Pittsburgh 4
BOTTOM OF THE 3RD
Pittsburgh Pirates batting - Pitching for Cincinnati Reds : LHP Eddie Grape
Batting: LHB Micah Boshnjaku 0-0: Foul Ball, location: 2F
0-1: Swinging Strike
0-2: Strikes out swinging
Batting: RHB Jason Moss 0-0: Ball
1-0: Ball
2-0: Ball
3-0: Base on Balls
Batting: LHB Xavier Pittman 0-0: Ball
1-0: Ball
2-0: Called Strike
2-1: Ball
3-1: Called Strike
3-2: Strikes out swinging
Jason Moss is caught stealing 2nd base 2-6
Batter strikes out.
Bottom of the 3rd over - 0 runs, 0 hits, 0 errors, 0 left on base; Cincinnati 1 - Pittsburgh 4
TOP OF THE 4TH
Cincinnati Reds batting - Pitching for Pittsburgh Pirates : LHP Sam Richardson
Batting: LHB Chris Grunwald 0-0: Swinging Strike
0-1: Ball
1-1: Ball
2-1: Ball
3-1: Base on Balls
Batting: RHB Willie Lazcano 0-0: Grounds into double play, 2-6-3 (Groundball, 13S, EV 65.6 MPH)
Batting: RHB Fred Slade 0-0: Ball
1-0: Called Strike
1-1: Ball
2-1: Swinging Strike
2-2: Foul Ball, location: 2F
2-2: Ball
3-2: Ground out 6-3 (Groundball, 6MD, EV 100.0 MPH)
Top of the 4th over - 0 runs, 0 hits, 0 errors, 0 left on base; Cincinnati 1 - Pittsburgh 4
BOTTOM OF THE 4TH
Pittsburgh Pirates batting - Pitching for Cincinnati Reds : LHP Eddie Grape
Batting: SHB Brad Day 0-0: Ball
1-0: Called Strike
1-1: Swinging Strike
1-2: Foul Ball, location: 2F
1-2: Strikes out swinging
Batting: RHB Chiel Palstermans 0-0: Called Strike
0-1: Ball
1-1: Foul Ball, location: 2F
1-2: Ball
2-2: Foul Ball, location: 2F
2-2: Strikes out swinging
Batting: RHB Andrew Robinson 0-0: Foul Ball, location: 2F
0-1: Called Strike
0-2: Strikes out swinging
Bottom of the 4th over - 0 runs, 0 hits, 0 errors, 0 left on base; Cincinnati 1 - Pittsburgh 4
TOP OF THE 5TH
Cincinnati Reds batting - Pitching for Pittsburgh Pirates : LHP Sam Richardson
Batting: RHB Joseph Kirchmann 0-0: Swinging Strike
0-1: Ball
1-1: Foul Ball, location: 2F
1-2: Foul Ball, location: 2F
1-2: SINGLE (Groundball, 4MD, EV 104.4 MPH)
Batting: LHB Antonio Figueroa 0-0: Called Strike
0-1: Ball
1-1: Ball
2-1: Called Strike
2-2: Foul Ball, location: 2F
2-2: Grounds into double play, 4-6-3 (Groundball, 4, EV 105.6 MPH)
Batting: RHB Takanibu Kaneshiro 0-0: Ball
1-0: Called Strike
1-1: Ball
2-1: Foul Ball, location: 2F
2-2: SINGLE (Groundball, 5S, EV 65.6 MPH) (infield hit)
Batting: LHB Ricky Ayon 0-0: Ball
1-0: SINGLE (Groundball, 34D, EV 103.1 MPH)
Takanibu Kaneshiro to second
Runner from 2nd tries for 3rd, SAFE, no throw by RF
Batting: RHB Steve Castleberry 0-0: Ball
1-0: Ball
2-0: Ball
3-0: Called Strike
3-1: Foul Ball, location: 2F
3-2: Strikes out looking
Top of the 5th over - 0 runs, 3 hits, 0 errors, 2 left on base; Cincinnati 1 - Pittsburgh 4
BOTTOM OF THE 5TH
Pittsburgh Pirates batting - Pitching for Cincinnati Reds : LHP Eddie Grape
Batting: SHB Marvin McAleer 0-0: Called Strike
0-1: Ball
1-1: Ball
2-1: SINGLE (Groundball, 4, EV 101.2 MPH) (infield hit)
Batting: RHB David Contreras 0-0: Called Strike
0-1: Fly out, F7 (Line Drive, 78M, EV 91.2 MPH)
Batting: RHB Jorge Severiano 0-0: Ball
1-0: Ball
Marvin McAleer steals 2nd base
2-0: Intentional Walk
Batting: LHB Micah Boshnjaku 0-0: Ball
1-0: Called Strike
1-1: Called Strike
1-2: Foul Ball, location: 2F
1-2: Strikes out swinging
Batting: RHB Jason Moss 0-0: Ball
1-0: SINGLE (Groundball, 34D, EV 102.5 MPH)
Marvin McAleer to third
Jorge Severiano to second
Runner from 3rd tries for Home, SAFE, throw by RF to home
Pitching: RHP Matt Flink
Batting: LHB Xavier Pittman 0-0: Foul Ball, location: 2F
0-1: Ball
1-1: Called Strike
1-2: Foul Ball, location: 2F
1-2: Ground out U3 (Groundball, 34S, EV 87.5 MPH)
Bottom of the 5th over - 1 run, 2 hits, 0 errors, 2 left on base; Cincinnati 1 - Pittsburgh 5
TOP OF THE 6TH
Cincinnati Reds batting - Pitching for Pittsburgh Pirates : LHP Sam Richardson
Batting: SHB Jun Tsuda 0-0: Called Strike
0-1: Called Strike
0-2: Ball
1-2: Strikes out looking
Batting: LHB Chris Grunwald 0-0: Ball
1-0: Foul Ball, location: 2F
1-1: Foul Ball, location: 2F
1-2: Foul Ball, location: 2F
1-2: Fly out, F8 (Flyball, 8RD, EV 85.6 MPH)
Batting: RHB Willie Lazcano 0-0: Foul Ball, location: 2F
0-1: Ball
1-1: Ball
2-1: DOUBLE (Line Drive, 7LD, EV 101.9 MPH)
Batting: RHB Fred Slade 0-0: Called Strike
0-1: Swinging Strike
0-2: Ball
1-2: Fly out, F9 (Flyball, 89M, EV 80.0 MPH)
Top of the 6th over - 0 runs, 1 hit, 0 errors, 1 left on base; Cincinnati 1 - Pittsburgh 5
BOTTOM OF THE 6TH
Pittsburgh Pirates batting - Pitching for Cincinnati Reds : RHP Matt Flink
Batting: SHB Brad Day 0-0: Foul Ball, location: 2F
0-1: Foul Ball, location: 2F
0-2: Ball
1-2: Ball
2-2: Strikes out swinging
Batting: RHB Chiel Palstermans 0-0: Ball
1-0: Called Strike
1-1: Swinging Strike
1-2: Foul Ball, location: 2F
1-2: Ground out 6-3 (Groundball, 6S, EV 88.8 MPH)
Batting: RHB Andrew Robinson 0-0: Ground out U3 (Groundball, 34S, EV 93.8 MPH)
Bottom of the 6th over - 0 runs, 0 hits, 0 errors, 0 left on base; Cincinnati 1 - Pittsburgh 5
TOP OF THE 7TH
Cincinnati Reds batting - Pitching for Pittsburgh Pirates : LHP Sam Richardson
Batting: RHB Joseph Kirchmann 0-0: Ball
1-0: Ball
2-0: Swinging Strike
2-1: Ball
3-1: Base on Balls
Batting: LHB Antonio Figueroa 0-0: Fielders Choice at 2nd, 4-6 (Groundball, 4, EV 104.4 MPH)
Pitching: RHP Justin West
Batting: RHB Takanibu Kaneshiro 0-0: Called Strike
0-1: Ball
1-1: Ball
2-1: Ball
3-1: Swinging Strike
3-2: Foul Ball, location: 2F
3-2: Base on Balls
Antonio Figueroa to second
Batting: LHB Ricky Ayon 0-0: Ball
1-0: Ball
2-0: Reached on error, E3 (Groundball, 34, EV 100.6 MPH)
Antonio Figueroa to third
Takanibu Kaneshiro to second
Batting: RHB Steve Castleberry 0-0: Called Strike
0-1: Ball
1-1: Foul Ball, location: 2F
1-2: Ball
2-2: Foul Ball, location: 2F
2-2: Foul Ball, location: 2F
2-2: Ball
3-2: Strikes out swinging
Batting: SHB Jun Tsuda 0-0: Ball
1-0: Ball
2-0: Called Strike
2-1: Ball
3-1: Called Strike
3-2: Base on Balls
Antonio Figueroa scores
Takanibu Kaneshiro to third
Ricky Ayon to second
Batting: LHB Chris Grunwald 0-0: Swinging Strike
0-1: Foul Ball, location: 2F
0-2: GRAND SLAM HOME RUN (Flyball, 9D, EV 101.2 MPH), Distance : 409 ft
Pitching: RHP Rogelio Nunez
Batting: RHB Willie Lazcano 0-0: Foul Ball, location: 2F
0-1: Foul Ball, location: 2F
0-2: Fly out, F7 (Line Drive, 78M, EV 93.1 MPH)
Top of the 7th over - 5 runs, 1 hit, 1 error, 0 left on base; Cincinnati 6 - Pittsburgh 5
BOTTOM OF THE 7TH
Pittsburgh Pirates batting - Pitching for Cincinnati Reds : RHP Matt Flink
Batting: SHB Marvin McAleer 0-0: Ball
1-0: Ball
2-0: Called Strike
2-1: Foul Ball, location: 2F
2-2: Ball
3-2: Base on Balls
Batting: RHB David Contreras 0-0: Called Strike
0-1: Ball
1-1: Ball
2-1: Called Strike
2-2: Fly out, F8 (Flyball, 8LXD, EV 88.1 MPH)
Batting: RHB Jorge Severiano 0-0: Ball
Marvin McAleer steals 2nd base
1-0: Foul Ball, location: 2F
1-1: Foul Ball, location: 2F
1-2: Ball
2-2: Fly out, F9 (Flyball, 89S, EV 88.1 MPH)
Batting: LHB Micah Boshnjaku 0-0: Called Strike
0-1: Ball
1-1: Foul Ball, location: 2F
1-2: Ball
2-2: Strikes out swinging
Bottom of the 7th over - 0 runs, 0 hits, 0 errors, 1 left on base; Cincinnati 6 - Pittsburgh 5
TOP OF THE 8TH
Cincinnati Reds batting - Pitching for Pittsburgh Pirates : RHP Rogelio Nunez
Batting: RHB Fred Slade 0-0: Fly out, F4 (Popup, 4MD, EV 53.8 MPH)
Batting: RHB Joseph Kirchmann 0-0: Ball
1-0: Fly out, F9 (Flyball, 9, EV 85.6 MPH)
Batting: LHB Antonio Figueroa 0-0: Called Strike
0-1: Fly out, F2 (Popup, 2RF, EV 94.4 MPH)
Top of the 8th over - 0 runs, 0 hits, 0 errors, 0 left on base; Cincinnati 6 - Pittsburgh 5
BOTTOM OF THE 8TH
Pittsburgh Pirates batting - Pitching for Cincinnati Reds : RHP Matt Flink
Pitching: RHP Ryan Terlizzi
Batting: RHB Jason Moss 0-0: Foul Ball, location: 2F
0-1: Swinging Strike
0-2: Strikes out swinging
Batting: LHB Xavier Pittman 0-0: Foul Ball, location: 2F
0-1: Fly out, F4 (Popup, 3S, EV 81.2 MPH)
Batting: SHB Brad Day 0-0: Ball
1-0: SINGLE (Groundball, 6MD, EV 111.2 MPH)
Batting: RHB Chiel Palstermans 0-0: Swinging Strike
0-1: Ball
1-1: Ball
2-1: Ball
3-1: Base on Balls
Brad Day to second
Batting: RHB Andrew Robinson 0-0: Swinging Strike
0-1: Swinging Strike
0-2: Ground out 2-3 (Groundball, 15S, EV 74.4 MPH)
Bottom of the 8th over - 0 runs, 1 hit, 0 errors, 2 left on base; Cincinnati 6 - Pittsburgh 5
TOP OF THE 9TH
Cincinnati Reds batting - Pitching for Pittsburgh Pirates : RHP Rogelio Nunez
Pinch Hitting: LHB Jon Ledesma 0-0: Ball
1-0: Ball
2-0: Foul Ball, location: 2F
2-1: Ball
3-1: Base on Balls
Batting: LHB Ricky Ayon 0-0: Ball
1-0: Bunted foul
1-1: Bunted foul
1-2: Strikes out looking
Batting: RHB Steve Castleberry 0-0: Called Strike
0-1: Ball
1-1: Swinging Strike
1-2: Ball
2-2: Strikes out swinging
Batting: SHB Jun Tsuda 0-0: Called Strike
0-1: Ball
1-1: Swinging Strike
1-2: Foul Ball, location: 2F
1-2: Strikes out looking
Top of the 9th over - 0 runs, 0 hits, 0 errors, 1 left on base; Cincinnati 6 - Pittsburgh 5
BOTTOM OF THE 9TH
Pittsburgh Pirates batting - Pitching for Cincinnati Reds : RHP Ryan Terlizzi
Pitching: RHP Junpei Yamazaki
Now at C: Omar Quintana
Now at 1B: Saulo Maina
Batting: SHB Marvin McAleer 0-0: Swinging Strike
0-1: Ball
1-1: Ball
2-1: Foul Ball, location: 2F
2-2: Ball
3-2: Foul Ball, location: 2F
3-2: Foul Ball, location: 2F
3-2: Foul Ball, location: 2F
3-2: Strikes out swinging
Batting: RHB David Contreras 0-0: Ball
1-0: Called Strike
1-1: Foul Ball, location: 2F
1-2: Foul Ball, location: 2F
1-2: Strikes out swinging
Batting: RHB Jorge Severiano 0-0: Fly out, F8 (Line Drive, 8RM, EV 95.6 MPH)
Bottom of the 9th over - 0 runs, 0 hits, 0 errors, 0 left on base; Cincinnati 6 - Pittsburgh 5
Tuesday, March 28th , 2023 - OOTP Baseball 23.10 Build 110